AoeStats
← ITZ | AutocavS

Hideout

509435780Analyzed
1v1 RM · 7d ago on Sep 26, 2026· 44m 5s· 2 players
Game mode
Random Map
Map size
Tiny (2 player)
Population
200
Speed
Normal
Resources
Standard
Victory
Conquest
Starting age
Dark Age
Ending age
Imperial Age
RankedLock teamsTeams togetherTeam positionsShared explorationLock speedFull tech treeHidden civsTurbo modeCheats
Victory
Defeat
🇦🇷 Magyars · Argentina
1451
+14
🇨🇭 Khmer · Switzerland
1413
-14
Sun Tzu 1337
7:38 Feudal Age
8:12 Double-Bit Axe
9:15 Loom
10:50 Horse Collar
16:25 Castle Age
17:37 Bow Saw
18:08 Heavy Plow
19:31 Stone Mining
23:40 Wheelbarrow
29:47 Imperial Age
27:46 Ballistics
27:38 Gold Mining
28:51 Forging
28:46 Scale Barding Armor
28:40 Fletching
29:00 Light Cavalry
29:50 Bloodlines
30:58 Conscription
30:07 Hussar
30:48 Husbandry
32:04 Crop Rotation
32:00 Hand Cart
33:11 Iron Casting
32:57 Chain Barding Armor
34:29 Elite Ballista Elephant
35:44 Siege Engineers
37:16 Bodkin Arrow
37:57 Fortified Wall
37:33 Pikeman
39:20 Blast Furnace
38:21 Scale Mail Armor
ITZ | AutocavS
9:57 Feudal Age
10:12 Loom
14:34 Castle Age
13:36 Double-Bit Axe
13:37 Horse Collar
19:35 Gold Mining
21:16 Scale Barding Armor
22:32 Gold Shaft Mining
23:09 Heavy Plow
23:20 Bow Saw
25:15 Wheelbarrow
24:26 Town Watch
25:17 Bloodlines
30:39 Imperial Age
28:17 Husbandry
29:34 Chain Barding Armor
29:47 Hand Cart
30:44 Cavalier
32:10 Conscription
32:53 Plate Barding Armor
32:28 Paladin
33:32 Pikeman
34:18 Light Cavalry
36:59 Crop Rotation
37:32 Two-Man Saw
36:09 Halberdier
36:51 Scale Mail Armor
Connection lost

Rejoining the realm…

Still unreachable

The connection could not be restored.

Session expired

The server has moved on; the page needs a fresh start.